 Dungeon Crawl Stone Soup version 0.31-a0-460-g9e667d4245 (webtiles) character file.

Game seed: 16442603149864668486

23 MisterAzrael the Ruffian (level 2, -1/18 HPs)
             Began as an Octopode Shapeshifter on Aug 5, 2023.
             Slain by a worm (3 damage)
             ... on level 2 of the Dungeon.
             The game lasted 00:01:20 (936 turns).

MisterAzrael the Ruffian (Octopode Shapeshifter)     Turns: 936, Time: 00:01:21

Health: -1/18      AC:  1    Str: 14    XL:     2   Next: 95%
Magic:  2/2        EV: 13    Int: 10    God:
Gold:   28         SH:  0    Dex: 12    Spells: 1/1 levels left

rFire   . .          .
                       - Unarmed
rCold   . . .        (no shield)
rNeg    . . .        (helmet currently unavailable)
rPois   .            (no amulet)
rElec   .            (no ring)
rCorr   .            (no ring)
SInv    .            (no ring)
Will    .....        (no ring)
Stlth   +++          (no ring)
HPRegen 0.23/turn    (no ring)
MPRegen 0.08/turn    (no ring)
                     (no ring)

%: no passive effects
@: beast-form
A: beast (slay +2), almost no armour, amphibious, 8 rings, camouflage 1,
gelatinous body 1, (nimble swimmer 1), tentacles
a: Begin Untransformation


You were on level 2 of the Dungeon.
You were a hulking beast.
You visited 1 branch of the dungeon, and saw 2 of its levels.

You collected 28 gold pieces.

Inventory:

Jewellery
 c - a ring of protection from cold
Talismans
 b - a beast talisman (active)
Potions
 a - 3 potions of lignification


   Skills:
 + Level 1.3 Fighting
 + Level 2.2 Dodging
 * Level 2.0 Stealth
 + Level 3.1 Unarmed Combat
 + Level 3.1 Shapeshifting


You had one spell level left.
You didn't know any spells.
Your spell library contained the following spells:

 Spells                   Type           Power      Damage    Failure   Level
 Blink                    Tloc           0%         N/A       50%         2
 Lesser Beckoning         Tloc           0%         N/A       50%         2
 Momentum Strike          Conj/Tloc      0%         3d8       50%         2


Dungeon Overview and Level Annotations

Branches:
Dungeon (2/15)

Altars:


Innate Abilities, Weirdness & Mutations

You are a hulking beast.
Your limbs bulge with bestial killing power. (Slay +2)
You cannot wear most types of armour.
You are amphibious.
You can wear up to eight rings at the same time.
Your skin changes colour to match your surroundings (Stealth+).
Your rubbery body absorbs attacks. (AC +1, EV +1)
((You are camouflaged when in or above water. (Stealth+)))
You have tentacles for arms and can constrict up to eight enemies at once.


Message History

You grab the hobgoblin. You constrict the hobgoblin.
You tentacle-slap the hobgoblin.
The hobgoblin is almost dead.
You constrict the hobgoblin, but do no damage.
The hobgoblin hits you.
You tentacle-slap the hobgoblin.
You kill the hobgoblin!
Things that are here:
a +0 whip; a stone; a hobgoblin corpse
Found a ring mail.
The ball python hisses angrily.
The ball python closely misses you. The ball python barely misses you.
The ball python closely misses you. x2
You closely miss the ball python. You grab the ball python.
You constrict the ball python, but do no damage.
The ball python closely misses you. x2
You bludgeon the ball python!
You kill the ball python!
No target in view!
HP restored.
A worm comes into view.
A worm is nearby!
A worm is nearby!
Found a quarterstaff and 8 gold pieces.
The worm bites you!
Ouch! That really hurt!
You are too injured to fight recklessly!
You are too injured to fight recklessly!
You are too injured to fight recklessly!
You tentacle-slap the worm. You grab the worm.
The worm is lightly wounded.
You constrict the worm. The worm bites you!
* * * LOW HITPOINT WARNING * * *
You tentacle-slap the worm. You squeeze the worm, but do no damage.
The worm is moderately wounded.
You constrict the worm, but do no damage.
You completely miss the worm.
The worm is moderately wounded.
You constrict the worm. The worm bites you.
You die...

.. #.# ###.. #...# .
###.#.# .#.
....######.....#.#..
.......<#.#(......
.#.#####)...w##.##
#.......###h#...#.#
.####..#†#)....$....
..[....†..###.#...#.#
#.#######.....##.##
##.#........
#.....#.#.. ###.#.#
#.#. #...# . .....


You could see a worm.

Vanquished Creatures
  4 ball pythons
  A bat (D:2)
  3 endoplasms
  A goblin (D:1)
  A hobgoblin (D:2)
  3 kobolds
  2 quokkas (D:1)
  6 rats
21 creatures vanquished.

Notes
Turn   | Place    | Note
-------+----------+-------------------------------------------
     0 | D:1      | MisterAzrael the Octopode Shapeshifter began the quest for
                  | the Orb.
     0 | D:1      | Reached XP level 1. HP: 13/13 MP: 1/1
   131 | D:1      | Reached skill level 1 in Stealth
   170 | D:1      | Reached XP level 2. HP: 18/18 MP: 2/2
   936 | D:2      | Slain by a worm

Illustrated notes

Levels and vault maps discovered:
D:1:      lemuel_arrival_rhombus, layout_basic, fountainhead
D:2:      layout_basic, shapermc_ecumenical_altar_totnotflames,
          minmay_fractal_squares_5

Skill      XL: |  1  2 |
---------------+-------+-----
Stealth        | 1 2 |  2.0
Fighting       | |  1.3
Dodging        | |  2.2
Unarmed Combat | |  3.1
Shapeshifting  | |  3.1

Action                     || total
---------------------------++-------
  Melee: Unarmed           ||    40
         Tentacles         ||     6
         Constrict         ||     8
   Stab: Sleeping          ||     6
 Armour: Skin              ||     3
  Dodge: Dodged            ||    20

Table legend: (Time is in decaauts)
 A = Elapsed time spent in this place.
 B = Non-inter-level travel time spent in this place.
 C = Inter-level travel time spent in this place.
 D = Time resting spent in this place.
 E = Time spent auto-exploring this place.
 F = Levels seen in this place.
 G = Mean time per level.
                   A        B        C        D        E       F      G
               +--------+--------+--------+--------+--------+-----+--------+
         Total |    934 |    909 |     25 |    182 |    602 |   2 |  467.0 |
       Dungeon |    934 |    909 |     25 |    182 |    602 |   2 |  467.0 |
               +--------+--------+--------+--------+--------+-----+--------+

Top non-repeatable levels by time:
     D:1: 884 daAuts
     D:2: 50 daAuts
